 Dungeon Crawl Stone Soup version 0.28.0-53-g5a82cb258f (webtiles) character file.

Game seed: 3205359103445998782

219 Gabide the Insei (level 5, -3/24 (26) HPs)
             Began as a Vine Stalker Gladiator on May 24, 2022.
             Slain by a hell rat (4 damage)
             ... in a sewer.
             The game lasted 00:02:55 (1985 turns).

Gabide the Insei (Vine Stalker Gladiator)           Turns: 1985, Time: 00:02:56

HP:   -3/24 (26)    AC:  7    Str: 17    XL:     5   Next: 96%
MP:   0/6           EV: 11    Int:  8    God:
Gold: 113           SH:  0    Dex: 17    Spells: 4/4 levels left

rFire   . . .      SeeInvis +     - Unarmed
rCold   . . .      Faith    .   (no shield)
rNeg    . . .      Spirit   +   h - +0 ring mail
rPois   .          Reflect  .   b - +0 helmet
rElec   .          Harm     .   (no cloak)
rCorr   .          Rampage  .   (no gloves)
Will    .....                   d - +0 pair of boots
Stlth   +.........              (no amulet)
HPRegen 0.88/turn               f - ring of see invisible
MPRegen 0.10/turn               (no ring)

@: drained
A: fangs 2, regeneration 1, magic shield, antimagic bite, no potion heal 2
a: no special abilities


You were in a sewer.
You visited 1 branch of the dungeon, and saw 3 of its levels.
You also visited: Sewer.

You collected 113 gold pieces.

Inventory:

Missiles
 c - a throwing net (quivered)
Armour
 b - a +0 helmet (worn)
 d - a +0 pair of boots (worn)
 h - a +0 ring mail (worn)
Jewellery
 f - a ring of see invisible (left hand)
Scrolls
 e - a scroll of torment {unknown}
 i - a scroll of silence {unknown}
 l - a scroll of acquirement {unknown}
Potions
 a - a potion of curing {unknown}
 g - a potion of attraction
 j - a potion of lignification
 k - a potion of brilliance {unknown}


   Skills:
 - Level 1.7 Fighting
 - Level 1.7 Throwing
 - Level 2.4 Dodging
 + Level 6.4 Unarmed Combat


You had 4 spell levels left.
You didn't know any spells.
Your spell library was empty.

Dungeon Overview and Level Annotations

Branches:
Dungeon (3/15)              Sewer (1/1)

Altars:


Innate Abilities, Weirdness & Mutations

You have extremely sharp teeth.
Your natural rate of healing is unusually fast.
When hurt, damage is shared between your health and your magic reserves.
Your bite disrupts and absorbs the magic of your enemies.
Potions cannot restore your health.


Message History

The river rat is almost dead.
The river rat barely misses you.
You punch the river rat!
You kill the river rat!
No target in view!
No target in view!
No target in view!
No target in view!
No target in view!
No target in view!
No target in view!
No target in view!
No target in view!
No target in view!
You enter the shallow water.
Moving in this stuff is going to be slow.
You see here a rat corpse.
You see here a river rat corpse.
You open the door.
A hell rat comes into view.
The hell rat roars deafeningly!
Found four items.
Found a gate leading back out of this place.
A hell rat is nearby!
A hell rat is nearby!
Found three items.
There is an open door here.
You closely miss the hell rat.
You punch the hell rat, but do no damage.
You bite the hell rat, but do no damage.
You hit the hell rat.
The hell rat is moderately wounded.
The hell rat bites you!
You feel drained.
You hit the hell rat but do no damage. Your bite misses the hell rat.
The hell rat is moderately wounded.
The hell rat bites you!
Ouch! That really hurt!
* * * LOW HITPOINT WARNING * * *
The hell rat bites you.
You die...

#########
###.≈.≈≈≈≈###
#.≈.≈...††≈.###
≈≈..##@##..≈≈≈# ≈
#≈r.###≈≈≈##
.≈≈≈≈≈≈##†..# ≈
#≈..≈≈≈≈..#.≈.#
≈.##.!!??!≈##≈..#
.≈≈###?∩?###≈≈≈##
≈...≈#####.≈≈≈≈#
#.≈≈≈.∩≈..≈.###
##≈≈.∩.≈.###


You could see a hell rat.

Vanquished Creatures
  An ogre (D:3)
  Terence (D:2)
  2 adders (D:2)
  3 river rats
  3 dart slugs
  2 endoplasms
  8 giant cockroaches
  3 goblins
  3 hobgoblins (D:1)
  6 jackals
  4 kobolds
  A quokka (D:2)
  8 ball pythons
  5 bats
  5 frilled lizards
  5 rats
60 creatures vanquished.

Notes
Turn   | Place    | Note
-------+----------+-------------------------------------------
     0 | D:1      | Gabide the Vine Stalker Gladiator began the quest for the
                  | Orb.
     0 | D:1      | Reached XP level 1. HP: 11/11 MP: 2/2
   153 | D:1      | Reached XP level 2. HP: 15/15 MP: 3/3
   401 | D:1      | Reached skill level 4 in Unarmed Combat
   524 | D:1      | Reached XP level 3. HP: 15/18 MP: 2/4
  1617 | D:2      | Gained mutation: Your natural rate of healing is unusually
                  | fast. [Vine Stalker growth]
  1617 | D:2      | Reached XP level 4. HP: 23/23 MP: 5/5
  1657 | D:3      | Noticed Terence
  1679 | D:2      | Killed Terence
  1680 | D:2      | Reached skill level 5 in Unarmed Combat
  1722 | D:3      | Found a faded altar of an unknown god.
  1748 | D:3      | Noticed an ogre
  1756 | D:3      | Killed an ogre
  1757 | D:3      | Reached skill level 6 in Unarmed Combat
  1757 | D:3      | Reached XP level 5. HP: 26/26 MP: 6/6
  1897 | D:3      | Found a glowing drain.
  1923 | Sewer    | Entered a sewer
  1985 | Sewer    | HP: 1/24 [hell rat (13)]
  1985 | Sewer    | Slain by a hell rat

Illustrated notes

Levels and vault maps discovered:
D:1:      lemuel_arrival_lava_pool, layout_basic, serial_forest,
          infiniplex_forest_end_2, infiniplex_forest_lined_2,
          infiniplex_forest_lined_2, infiniplex_forest_lined_corner,
          infiniplex_forest_end_1, chequers_serial_rivers_small_b
D:2:      layout_basic
D:3:      layout_loops_ring, ebering_ecumenical_altar_mist,
          portal_sewer_entry_b, uniq_sigmund, uniq_natasha, uniq_terence
Sewer:    sewer_hellmonk_bad_rat

Skill      XL: |  1  2  3  4 |
---------------+-------------+-----
Unarmed Combat | 4 6 |  6.4
Fighting       | |  1.7
Throwing       | |  1.7
Dodging        | |  2.4

Action                   |  1- 3 |  4- 6 || total
-------------------------+-------+-------++-------
Melee: Unarmed           |    81 |    90 ||   171
       Bite              |    16 |    23 ||    39
       Punch             |     2 |     3 ||     5
Throw: Throwing net      |       |     3 ||     3
  Use: Scroll            |       |     2 ||     2
 Stab: Sleeping          |     1 |       ||     1
       Held in net/web   |       |     4 ||     4
Armor: Leather armour    |    27 |    14 ||    41
       Ring mail         |       |    13 ||    13
Dodge: Dodged            |    47 |    46 ||    93
